 Dungeon Crawl Stone Soup version 0.32-a0-859-gb0a091d592 (webtiles) character file.

Game seed: 3314965188498601757

960 Alarak the Magician (level 8, -6/58 HPs)
             Began as a Djinni Necromancer on Mar 27, 2024.
             Mangled by a two-headed ogre
             ... wielding a +0 giant club
              (20 damage)
             ... on level 6 of the Dungeon.
             The game lasted 00:09:09 (3743 turns).

Alarak the Magician (Djinni Necromancer)            Turns: 3743, Time: 00:09:10

Health: -6/58      AC: 12    Str:  7    XL:     8   Next: 37%
Gold:   354        EV: 12    Int: 19    God:
                   SH:  0    Dex: 20

rFire   + + +        u - staff of fire
rCold   x . .        (no shield)
rNeg    . . .        a - +0 robe
rPois   ∞            m - +1 helmet
rElec   .            r - +1 cloak {Will+}
rCorr   .            g - +1 pair of gloves
SInv    .            (boots unavailable)
Will    +....        (no amulet)
Stlth   ++           c - +4 ring of protection
HPRegen 0.29/turn    e - +6 ring of dexterity
MPRegen 0.00/turn

%: infuse magic (-7 HP)
@: flying
A: sickness immunity, fire resistance 2, cold vulnerability 1, float, innate
caster, HP casting, extra vitality 1
a: no special abilities


You were on level 6 of the Dungeon.
You visited 2 branches of the dungeon, and saw 7 of its levels.

You collected 354 gold pieces.

Inventory:

Missiles
 b - 7 atropa-tipped darts
 v - 7 poisoned darts
Armour
 a - a +0 robe (worn)
 g - a +1 pair of gloves (worn)
 m - a +1 helmet (worn)
 r - a +1 cloak of willpower (worn)
Magical Staves
 u - a staff of fire (weapon)
Jewellery
 c - a +4 ring of protection (left hand)
 e - a +6 ring of dexterity (right hand)
Wands
 l - a wand of mindburst (18)
 o - a wand of charming (10)
Scrolls
 d - a scroll of immolation
 k - a scroll of fear
 p - a scroll of fog
Potions
 f - a potion of attraction
 h - a potion of brilliance
 i - a potion of ambrosia
 j - a potion of resistance {unknown}
 n - a potion of enlightenment {unknown}
 q - a potion of lignification {unknown}


   Skills:
 + Level 3.9 Fighting
 - Level 2.1 Dodging
 - Level 1.5 Stealth
 - Level 7.3 Spellcasting
 - Level 7.3 Conjurations
 - Level 7.3 Hexes
 - Level 7.3 Summonings
 - Level 7.3 Necromancy
 - Level 7.3 Translocations
 - Level 7.3 Fire Magic
 - Level 7.3 Ice Magic
 - Level 7.3 Air Magic
 - Level 7.3 Earth Magic
 - Level 7.3 Alchemy


You knew the following spells:

 Your Spells              Type           Power      Damage    Failure   Level
a - Necrotise             Necr           100%       1d9       1%          1
b - Vampiric Draining     Necr           34%        2d8       1%          3
c - Animate Dead          Necr           34%        N/A       4%          4
d - Curse of Agony        Necr           34%        N/A       14%         5
e - Summon Small Mammal   Summ           100%       N/A       1%          1
f - Call Imp              Summ           68%        N/A       1%          2
g - Swiftness             Air            34%        N/A       1%          3
Your spell library was empty.

Dungeon Overview and Level Annotations

Branches:
Dungeon (6/15)             Temple (1/1) D:5

Altars:
Ashenzari
Cheibriados
Dithmenos
Elyvilon
Fedhas
Gozag
Hepliaklqana
Okawaru
Ru
Trog
Uskayaw
Wu Jian
The Shining One


Innate Abilities, Weirdness & Mutations

You are immune to sickness and miasma.
You are immune to poison.
Your flesh is very heat resistant. (rF++)
You are vulnerable to cold. (rC-)
You float through the air rather than walking.
You learn spells naturally, not from books.
Your magical power is your life essence.
You have superior vitality. (+4 MHP)


Message History

A white imp comes into view.
The white imp shouts, "Give up, thou euchred ill-breeding reprobate!"
A white imp is nearby!
Found 7 gold pieces.
A two-headed ogre comes into view. It is wielding two +0 giant clubs.
The two-headed ogre shouts in stereo!
The white imp hits you. The white imp freezes you!
You feel a terrible chill!
You hit the white imp. You burn the white imp!
The white imp is almost dead.
The white imp sputters.
The white imp closely misses you.
You can't see any susceptible monsters within range! (Use Z to cast anyway.)
You can't see any susceptible monsters within range! (Use Z to cast anyway.)
You can't see any susceptible monsters within range! (Use Z to cast anyway.)
Casting: Vampiric Draining (safe; 1% risk of failure)
Confirm with . or Enter, or press ? or * to list all spells.
A tiny devil pulls itself out of the air.
The white imp closely misses you.
Casting: Call Imp (safe; 1% risk of failure)
Confirm with . or Enter, or press ? or * to list all spells.
A tiny devil pulls itself out of the air.
Your cerulean imp disappears in a puff of smoke!
The white imp closely misses you.
The two-headed ogre hits you with a +0 giant club.
The two-headed ogre closely misses you.
The white imp is unaffected.
The white imp barely misses you.
Your cerulean imp completely misses the white imp.
The white imp is unaffected.
The two-headed ogre hits you with a +0 giant club!
The two-headed ogre hits you with a +0 giant club.
The white imp gestures at you. The puff of frost hits you.
You feel a terrible chill!
* * * LOW HITPOINT WARNING * * *
Your cerulean imp hits the white imp from afar with a -1 spear.
The white imp dies!
An iguana comes into view.
The two-headed ogre attacks as it pursues you!
The two-headed ogre closely misses you.
The two-headed ogre hits you with a +0 giant club!!
You die...

##...........
.##...........#
.............
#..........
#.......# #
#.....# .## #..#
#.....#$... #..
#$#O#....##
#..####.5@.##....
#..............#
#.#######..#.....
#.# #..#.#.## #.#
#..# # #
#<#######..#.#
#............#
#####...#..l......
#........#..(.


You could see a two-headed ogre (ally target), an iguana (wandering) and a
friendly cerulean imp (summoned).

Vanquished Creatures
  A water moccasin (D:5)
  An ice beast (D:5)
  2 black bears
  An ogre (D:4)
  3 jellies (D:5)
  An orc priest (D:4)
  2 hounds (D:5)
  Jessica (D:3)
  An iguana (D:6)
  An orc wizard (D:4)
  Natasha (thrice) (D:3)
  4 adders
  2 dart slugs
  2 ribbon worms
  5 orcs
  12 bats
  7 endoplasms
  A giant cockroach (D:1)
  9 goblins
  6 hobgoblins
  A quokka (D:2)
  6 ball pythons
  A frilled lizard (D:2)
  6 kobolds
  9 rats
88 creatures vanquished.

Vanquished Creatures (collateral kills)
  A sleepcap (D:4)
  A white imp (D:6)
  A ball python (D:2)
  2 endoplasms (D:2)
  A quokka (D:1)
  A frilled lizard (D:1)
  A rat (D:1)
8 creatures vanquished.

Grand Total: 96 creatures vanquished

Notes
Turn   | Place    | Note
-------+----------+-------------------------------------------
     0 | D:1      | Alarak the Djinni Necromancer began the quest for the Orb.
     0 | D:1      | Alarak set off with the following spells memorised:
                  | Necrotise, Vampiric Draining, Animate Dead, Curse of Agony.
     0 | D:1      | Reached XP level 1. HP: 15/15 MP: 0/0
    96 | D:1      | Reached XP level 2. HP: 18/21 MP: 0/0
   382 | D:1      | Reached XP level 3. HP: 23/25 MP: 0/0
   382 | D:1      | Learned a level 1 spell: Summon Small Mammal
  1099 | D:2      | Reached XP level 4. HP: 19/31 MP: 0/0
  1566 | D:3      | Found a glowing golden altar of the Shining One.
  1713 | D:3      | Noticed Natasha
  1719 | D:3      | Killed Natasha
  1720 | D:3      | Reached skill level 5 in Spellcasting
  1720 | D:3      | Reached skill level 5 in Conjurations
  1720 | D:3      | Reached skill level 5 in Hexes
  1720 | D:3      | Reached skill level 5 in Summonings
  1720 | D:3      | Reached skill level 5 in Necromancy
  1720 | D:3      | Reached skill level 5 in Translocations
  1720 | D:3      | Reached skill level 5 in Fire Magic
  1720 | D:3      | Reached skill level 5 in Ice Magic
  1720 | D:3      | Reached skill level 5 in Air Magic
  1720 | D:3      | Reached skill level 5 in Earth Magic
  1720 | D:3      | Reached skill level 5 in Alchemy
  1720 | D:3      | Reached XP level 5. HP: 27/35 MP: 0/0
  1720 | D:3      | Learned a level 2 spell: Call Imp
  1757 | D:3      | Noticed Natasha
  1797 | D:3      | Noticed Jessica
  1802 | D:3      | Found a faded altar of an unknown god.
  1803 | D:3      | Killed Jessica
  1804 | D:3      | Found a hazy altar of Hepliaklqana.
  1896 | D:3      | Killed Natasha
  1942 | D:3      | Noticed a black bear
  1949 | D:3      | Killed a black bear
  1950 | D:3      | Reached XP level 6. HP: 40/40 MP: 0/0
  2090 | D:3      | Noticed Natasha
  2098 | D:3      | Killed Natasha
  2258 | D:4      | Noticed an ogre
  2263 | D:4      | Killed an ogre
  2264 | D:4      | Reached XP level 7. HP: 42/45 MP: 0/0
  2264 | D:4      | Learned a level 3 spell: Swiftness
  2816 | D:5      | Entered Level 5 of the Dungeon
  3010 | D:5      | Noticed a water moccasin
  3021 | D:5      | Killed a water moccasin
  3066 | D:5      | Reached skill level 1 in Fighting
  3066 | D:5      | Reached XP level 8. HP: 49/52 MP: 0/0
  3144 | D:5      | Found an ornate altar of the Wu Jian Council.
  3274 | D:5      | Found a staircase to the Ecumenical Temple.
  3283 | Temple   | Entered the Ecumenical Temple
  3736 | D:6      | Noticed a two-headed ogre
  3743 | D:6      | Mangled by a two-headed ogre

Illustrated notes

Levels and vault maps discovered:
D:1:      psy_arrival_spokes, layout_loops_ring
D:2:      layout_rooms, minmay_hexomino_c4
D:3:      layout_basic, mainiacjoe_overflow_six_doors_small,
          beargit_hepliaklqana_dungeon_heroes, uniq_jessica, uniq_natasha
D:4:      layout_rooms
D:5:      layout_basic, nzn_wu_jian_council_hall, minmay_temple_entry_nine_rooms
D:6:      layout_loops_ring, uniq_eustachio
Temple:   minmay_temple_forest_path

Skill      XL: |  1  2  3  4  5  6  7  8 |
---------------+-------------------------+-----
Spellcasting   | 4 5 6 7 |  7.3
Conjurations   | 4 5 6 7 |  7.3
Hexes          | 4 5 6 7 |  7.3
Summonings     | 4 5 6 7 |  7.3
Necromancy     | 4 5 6 7 |  7.3
Translocations | 4 5 6 7 |  7.3
Fire Magic     | 4 5 6 7 |  7.3
Ice Magic      | 4 5 6 7 |  7.3
Air Magic      | 4 5 6 7 |  7.3
Earth Magic    | 4 5 6 7 |  7.3
Alchemy        | 4 5 6 7 |  7.3
Fighting       | 1 3 |  3.9
Dodging        | |  2.1
Stealth        | |  1.5

Action                     |  1- 3 |  4- 6 |  7- 9 || total
---------------------------+-------+-------+-------++-------
  Melee: Unarmed           |     8 |     1 |     3 ||    12
         Staff             |       |       |     2 ||     2
         Punch             |       |       |     1 ||     1
   Cast: Necrotise         |    69 |    35 |       ||   104
         Vampiric Draining |       |    23 |    44 ||    67
         Call Imp          |       |     7 |     4 ||    11
         Summon Small Mamm |       |     7 |     4 ||    11
    Use: Scroll            |       |     6 |     6 ||    12
   Stab: Sleeping          |     1 |       |       ||     1
 Armour: Robe              |    25 |    26 |    33 ||    84
  Dodge: Dodged            |    23 |    16 |    26 ||    65

Table legend: (Time is in decaauts)
 A = Elapsed time spent in this place.
 B = Non-inter-level travel time spent in this place.
 C = Inter-level travel time spent in this place.
 D = Time resting spent in this place.
 E = Time spent auto-exploring this place.
 F = Levels seen in this place.
 G = Mean time per level.
                   A        B        C        D        E       F      G
               +--------+--------+--------+--------+--------+-----+--------+
         Total |   3755 |   3381 |    374 |    125 |   2630 |   7 |  536.4 |
       Dungeon |   3707 |   3380 |    327 |    125 |   2630 |   6 |  617.8 |
        Temple |     47 |      0 |     47 |      0 |      0 |   1 |   47.0 |
               +--------+--------+--------+--------+--------+-----+--------+

Top non-repeatable levels by time:
     D:1: 973 daAuts
     D:5: 763 daAuts
     D:3: 710 daAuts
     D:4: 653 daAuts
     D:2: 542 daAuts
     D:6: 64 daAuts
  Temple: 47 daAuts
